 Dungeon Crawl Stone Soup version 0.29-a0-914-g906f1d757c (webtiles) character file.

Game seed: 12014608004108935822

3329 2tc the Scholar of Death (level 9, -2/57 HPs)
             Began as a Demonspawn Necromancer on July 26, 2022.
             Was a Follower of Kikubaaqudgha.
             Slain by an orc
             ... wielding a +0 halberd
              (5 damage)
             ... in a bailey.
             The game lasted 00:32:40 (8432 turns).

2tc the Scholar of Death (Demonspawn Necromancer)   Turns: 8432, Time: 00:32:41

Health: -2/57      AC: 10    Str: 11    XL:     9   Next: 71%
Magic:  5/13       EV: 12    Int: 25    God:    Kikubaaqudgha [*.....]
Gold:   622        SH:  4    Dex: 13    Spells: 1/14 levels left

rFire   . . .      SeeInvis .   p - +1 whip (pain)
rCold   . . .      Faith    .   (no shield)
rNeg    . . .      Spirit   .   y - +1 robe {Will+}
rPois   .          Reflect  .   g - +1 helmet
rElec   .          Harm     .   (no cloak)
rCorr   .          Rampage  .   m - +2 pair of gloves
Will    +....                   (no boots)
Stlth   ++........              i - amulet of magic regeneration
HPRegen 0.19/turn               x - +6 ring of intelligence
MPRegen 0.53/turn               (no ring)

@: animating dead (expiring)
A: sharp scales 2, condensation shield, demonic touch 2
a: Renounce Religion, Unearth Wretches


You were in a bailey.
You worshipped Kikubaaqudgha.
Kikubaaqudgha was aware of your devotion.
You visited 2 branches of the dungeon, and saw 9 of its levels.
You also visited: Bailey.

You collected 622 gold pieces.

Inventory:

Hand Weapons
 c - a +4 dagger
 e - a +0 whip
 n - a +1 dagger of venom
 p - a +1 whip of pain (weapon)
Missiles
 j - a throwing net
Armour
 g - a +1 helmet (worn)
 m - a +2 pair of gloves (worn)
 y - a +1 robe of willpower (worn)
Jewellery
 a - an amulet of guardian spirit
 i - an amulet of magic regeneration (around neck)
 x - a +6 ring of intelligence (left hand)
Wands
 f - a wand of flame (29)
 z - a wand of digging (7)
 C - a wand of polymorph (6)
Scrolls
 l - a scroll of fear
 q - a scroll of enchant armour
 r - 2 scrolls of blinking
 u - 3 scrolls of fog
 w - 2 scrolls of identify
 A - a scroll of teleportation
Potions
 b - a potion of haste
 d - 4 potions of flight
 h - 3 potions of brilliance
 k - a potion of berserk rage
 o - 2 potions of cancellation
 s - 2 potions of might
 t - a potion of heal wounds


   Skills:
 * Level 10.0 Maces & Flails
 - Level 1.7 Dodging
 - Level 1.7 Stealth
 - Level 3.0 Spellcasting
 - Level 10.0 Necromancy


You had one spell level left.
You knew the following spells:

 Your Spells              Type           Power      Damage    Failure   Level
a - Necrotise             Necr           100%       1d9       1%          1
b - Vampiric Draining     Necr           52%        2d9       1%          3
c - Animate Dead          Necr           52%        N/A       1%          4
d - Agony                 Necr           52%        N/A       4%          5

Your spell library contained the following spells:

 Spells                   Type           Power      Damage    Failure   Level
 Sandblast                Erth           6%         2d5       10%         1
 Sublimation of Blood     Necr           52%        N/A       1%          2
 Anguish                  Hex/Necr       14%        N/A       13%         4
 Passwall                 Tmut/Erth      2%         N/A       16%         2
 Wereblood                Tmut           3%         N/A       16%         2
 Stone Arrow              Conj/Erth      6%         3d7       30%         3
 Summon Hydra             Summ           1%         N/A       100%        7


Dungeon Overview and Level Annotations

Branches:
Dungeon (8/15)             Temple (1/1) D:6            Lair (0/5) D:8
 Bailey (1/1)

Altars:
Cheibriados
Kikubaaqudgha
Nemelex Xobeh
Okawaru
Qazlal
Ru
Uskayaw
Vehumet
Wu Jian
Xom
Yredelemnul

Annotations:
D:3 3 runed translucent doors, kaze's ghost, amateur DsCA


Innate Abilities, Weirdness & Mutations

You are mostly covered in razor-sharp scales. (AC +2, Slay +2)
A meltable shield of frost defends you. (SH +4)
Your touch may inflict irresistible damage on your foes.


Message History

Kikubaaqudgha accepts your kill.
You feel life coursing into your body.
The dead are walking!
The orc hits you but does no damage.
The orc hits your orc warrior zombie with a +0 hand axe.
The orc warrior barely misses you.
The orc warrior hits you with a +0 hand axe!
The orc warrior barely misses you.
The orc warrior hits your orc warrior zombie with a +0 halberd!
The orc hits you from afar with a +0 halberd.
Your Maces & Flails skill increases to level 10!
Casting: Vampiric Draining (safe; 1% risk of failure)
Confirm with . or Enter, or press ? or * to list all spells.
Aiming: Vampiric Draining (safe; 1% risk of failure)
Press: ? - help, Shift-Dir - straight line, f - orc warrior
Aim: an orc warrior, wielding a +0 hand axe You draw life force from the orc warrior!
You feel life coursing into your body!
Your reaping aura is weakening.
The orc closely misses you.
The orc hits your orc warrior zombie with a +0 hand axe.
The orc warrior hits you but does no damage.
The orc warrior hits you with a +0 hand axe.
You block the orc warrior's attack.
The orc warrior closely misses your orc warrior zombie.
The orc closely misses you.
Casting: Vampiric Draining (safe; 1% risk of failure)
Confirm with . or Enter, or press ? or * to list all spells.
Aiming: Vampiric Draining (safe; 1% risk of failure)
Press: ? - help, Shift-Dir - straight line, f/p - orc warrior
Aim: an orc warrior, wielding a +0 hand axe (heavily wounded)
You draw life force from the orc warrior.
You feel life coursing into your body.
Your orc warrior zombie hits the orc.
The orc warrior hits you from afar with a +0 glaive!
The orc warrior closely misses you.
The orc warrior hits you from afar with a +0 glaive!!
* * * LOW HITPOINT WARNING * * *
The orc warrior misses your orc warrior zombie.
The orc hits you from afar with a +0 halberd.
You die...
Kikubaaqudgha rasps: "You have failed me!
Welcome... death!"

######### #######
.....)..## ##Zoo..##
...#.)...######.@ooo..#
..###)...#....#.o##...+
...8.....'....'o.8....+
..###....#....#..##oo.+
...#.....######.....o.#
........## ##.....##
######### #######


You could see 4 orc warriors, 3 orcs and a friendly orc warrior zombie.

Vanquished Creatures
  A yak (D:8)
  Eustachio (D:5)
  A steam dragon (D:7)
  Edmund (D:6)
  A water moccasin (D:8)
  Duvessa (D:5)
  2 black bears (D:5)
  An orc warrior (Bailey)
  A sky beast (D:8)
  2 ogres
  2 phantoms (D:5)
  A kobold brigand (D:8)
  Blork the orc (D:5)
  3 bullfrogs (D:7)
  3 necrophages
  2 scorpions
  5 wights
  Dowan (D:5)
  3 killer bees (D:7)
  5 hounds
  2 orc priests
  Ijyb (D:5)
  6 orc wizards
  6 iguanas
  Terence (D:2)
  Robin (D:4)
  6 adders
  A shadow imp (D:8)
  2 white imps
  2 dart slugs
  A worm (D:2)
  22 orcs
  10 endoplasms
  A giant cockroach (D:3)
  15 goblins
  9 hobgoblins
  4 jackals (D:5)
  6 quokkas
  6 ball pythons
  8 bats
  2 frilled lizards (D:1)
  7 kobolds
  6 rats
163 creatures vanquished.

Vanquished Creatures (collateral kills)
  A howler monkey (D:4)
  A worm (D:3)
  An orc (D:5)
  An endoplasm (D:2)
  2 goblins
  A kobold (D:1)
  A frilled lizard (D:1)
8 creatures vanquished.

Vanquished Creatures (others)
  A bullfrog zombie (D:7)
  2 black bear zombies (D:5)
  2 killer bee zombies (D:7)
  11 orc zombies
  An elf zombie (D:5)
  6 goblin zombies (D:4)
23 creatures vanquished.

Grand Total: 194 creatures vanquished

Notes
Turn   | Place    | Note
-------+----------+-------------------------------------------
     0 | D:1      | 2tc the Demonspawn Necromancer began the quest for the Orb.
     0 | D:1      | Reached XP level 1. HP: 13/13 MP: 3/3
   345 | D:1      | Gained mutation: Your touch may inflict minor irresistible
                  | damage on your foes. [demonic ancestry]
   345 | D:1      | Reached XP level 2. HP: 19/19 MP: 1/5
   402 | D:1      | Reached skill level 5 in Necromancy
  1102 | D:1      | Found a faded altar of an unknown god.
  1287 | D:1      | Reached XP level 3. HP: 19/24 MP: 1/6
  1410 | D:2      | Learned a level 3 spell: Vampiric Draining
  1531 | D:2      | Gained mutation: You are partially covered in razor-sharp
                  | scales. (AC +1, Slay +1) [demonic ancestry]
  1531 | D:2      | Reached XP level 4. HP: 17/30 MP: 4/7
  1716 | D:2      | Found a radiant altar of Vehumet.
  1783 | D:2      | Noticed Terence
  2068 | D:2      | Killed Terence
  2663 | D:3      | Reached XP level 5. HP: 35/35 MP: 6/8
  2870 | D:3      | Found a snail-covered altar of Cheibriados.
  3013 | D:3      | Found a runed translucent gate.
  3013 | D:3      | Found a runed translucent gate.
  3013 | D:3      | Noticed kaze's ghost (amateur DsCA)
  3014 | D:3      | Found a runed translucent gate.
  3636 | D:3      | Gained mutation: Your touch may inflict irresistible damage
                  | on your foes. [demonic ancestry]
  3636 | D:3      | Reached XP level 6. HP: 34/41 MP: 9/9
  3796 | D:4      | Noticed Robin
  3804 | D:4      | Learned a level 4 spell: Animate Dead
  3834 | D:4      | Killed Robin
  4115 | D:4      | Found a stormy altar of Qazlal.
  4115 | D:4      | Found a sparkling altar of Nemelex Xobeh.
  4256 | D:4      | Found a hide-covered altar of Uskayaw.
  4363 | D:5      | Entered Level 5 of the Dungeon
  4506 | D:5      | Reached XP level 7. HP: 38/46 MP: 2/10
  4655 | D:5      | Noticed Duvessa
  4677 | D:5      | Killed Duvessa
  4678 | D:5      | Reached skill level 1 in Maces & Flails
  4678 | D:5      | Reached skill level 10 in Necromancy
  4692 | D:5      | Noticed Dowan
  4711 | D:5      | Killed Dowan
  4807 | D:5      | Noticed Eustachio
  4818 | D:5      | Your ally Dowan died
  4929 | D:5      | Gained mutation: You are mostly covered in razor-sharp
                  | scales. (AC +2, Slay +2) [demonic ancestry]
  4929 | D:5      | Reached XP level 8. HP: 25/52 MP: 7/11
  4942 | D:5      | Found an ancient bone altar of Kikubaaqudgha.
  4952 | D:5      | Became a worshipper of Kikubaaqudgha
  5049 | D:5      | Noticed Ijyb
  5059 | D:5      | Killed Ijyb
  5283 | D:5      | Reached skill level 5 in Maces & Flails
  5475 | D:5      | Found an iron altar of Okawaru.
  5475 | D:5      | Found a shimmering altar of Xom.
  5603 | D:5      | Noticed Blork the orc
  5609 | D:5      | Killed Blork the orc
  5918 | D:5      | Killed Eustachio
  6127 | D:6      | Found a staircase to the Ecumenical Temple.
  6173 | D:6      | Learned a level 5 spell: Agony
  6182 | D:6      | Noticed Edmund
  6203 | D:6      | Killed Edmund
  6406 | Temple   | Entered the Ecumenical Temple
  6831 | D:7      | Gained mutation: A meltable shield of frost defends you.
                  | (SH +4) [demonic ancestry]
  6831 | D:7      | Reached XP level 9. HP: 55/57 MP: 13/13
  7949 | D:8      | Reached * piety under Kikubaaqudgha
  7949 | D:8      | Received a gift from Kikubaaqudgha
  8196 | D:8      | Noticed a death yak
  8199 | D:8      | Noticed a death yak
  8203 | D:8      | Noticed a death yak
  8280 | D:8      | Found a flagged portal.
  8284 | Bailey   | Entered a bailey
  8431 | Bailey   | Reached skill level 10 in Maces & Flails
  8432 | Bailey   | Slain by an orc

Illustrated notes

Levels and vault maps discovered:
D:1:      minmay_arrival_hallway, layout_basic,
          shapermc_ecumenical_altar_mp_vishouse
D:2:      layout_loops_ring, basic_altar, uniq_terence
D:3:      layout_loops_corners, mainiacjoe_overflow_cross_hatched,
          gammafunk_ghost_nasty_kobolds, minmay_crystal_room
D:4:      layout_rooms, nicolae_uskayaw_suspiria,
          nicolae_overflow_two_pavilions, uniq_robin
D:5:      layout_basic, lemuel_coloured_pillars_altar, general_overflow_altar,
          mainiacjoe_overflow_large_starburst, uniq_blork_the_orc, uniq_duvessa,
          uniq_ijyb, uniq_eustachio
D:6:      layout_cave_pools, minmay_temple_entry_statues_fountains, uniq_edmund
D:7:      layout_basic
D:8:      layout_rooms, dpeg_lair_monsters, enter_bailey_3,
          chequers_decorated_corner
Temple:   oiseaux_autumnal_temple
Bailey:   bailey_polearm_5, bailey

Skill      XL: |  1  2  3  4  5  6  7  8  9 |
---------------+----------------------------+-----
Necromancy     | 5 6 7 8 9 10 | 10.0
Maces & Flails | 4 7 10 | 10.0
Spellcasting   | 3 |  3.0
Dodging        | |  1.7
Stealth        | |  1.7

Action                   |  1- 3 |  4- 6 |  7- 9 || total
-------------------------+-------+-------+-------++-------
Melee: Whip              |     5 |       |   199 ||   204
       Dagger            |     3 |    42 |    63 ||   108
       Punch             |       |     2 |     3 ||     5
       Touch             |       |     7 |    39 ||    46
 Cast: Necrotise         |    68 |    97 |    51 ||   216
       Vampiric Draining |       |     5 |    26 ||    31
       Animate Dead      |       |     1 |     7 ||     8
Evoke: Wand              |       |       |     5 ||     5
  Use: Scroll            |     4 |    11 |     8 ||    23
       Potion            |       |     1 |     7 ||     8
 Stab: Sleeping          |       |     3 |       ||     3
       Distracted        |       |     1 |       ||     1
Armor: Robe              |     5 |    21 |   116 ||   142
Dodge: Dodged            |    18 |    48 |   198 ||   264
Block: Other             |       |       |    24 ||    24

Table legend: (Time is in decaauts)
 A = Elapsed time spent in this place.
 B = Non-inter-level travel time spent in this place.
 C = Inter-level travel time spent in this place.
 D = Time resting spent in this place.
 E = Time spent auto-exploring this place.
 F = Levels seen in this place.
 G = Mean time per level.
                   A        B        C        D        E       F      G
               +--------+--------+--------+--------+--------+-----+--------+
         Total |   8371 |   8176 |    195 |    682 |   6087 |  10 |  837.1 |
       Dungeon |   8183 |   8009 |    174 |    589 |   6061 |   8 | 1022.9 |
        Temple |     46 |     25 |     21 |      0 |     22 |   1 |   46.0 |
        Bailey |    141 |    141 |      0 |     93 |      4 |   1 |  141.0 |
               +--------+--------+--------+--------+--------+-----+--------+

Top non-repeatable levels by time:
     D:1: 1637 daAuts
     D:5: 1606 daAuts
     D:7: 1248 daAuts
     D:3: 971 daAuts
     D:2: 900 daAuts
     D:4: 850 daAuts
     D:6: 602 daAuts
     D:8: 366 daAuts
  Bailey: 141 daAuts
  Temple: 46 daAuts
